AoeStats
← Nobody

Arena

507190257Analyzed
4v4 RM · 15d ago on Sep 17, 2026· 62m 11s· 8 players
Game mode
Random Map
Map size
Large (8 player)
Population
200
Speed
Normal
Resources
Standard
Victory
Conquest
Starting age
Dark Age
Ending age
Imperial Age
RankedLock teamsTeams togetherTeam positionsShared explorationLock speedFull tech treeHidden civsTurbo modeCheats
Victory
Defeat
🇺🇸 Celts · United States
1418
+13
🇨🇴 Bohemians · Colombia
1316
+17
🇨🇦 Slavs · Canada
1300
+18
🇨🇴 Vietnamese · Colombia
1230
+22
🇲🇽 Malay · Mexico
1351
-18
🇲🇽 Chinese · Mexico
1350
-18
🇲🇽 Tupi · Mexico
1340
-17
🇲🇽 Vikings · Mexico
1330
-17
Nobody
11:22 Feudal Age
15:20 Castle Age
13:32 Horse Collar
16:07 Double-Bit Axe
16:58 Bow Saw
17:18 Town Watch
17:35 Gold Mining
25:17 Heavy Plow
26:15 Forging
27:38 Iron Casting
29:16 Gold Shaft Mining
31:48 Imperial Age
30:06 Scale Mail Armor
30:08 Loom
31:33 Chain Mail Armor
31:06 Gambesons
30:44 Man-at-Arms
31:28 Squires
31:13 Arson
31:40 Stone Mining
31:57 Long Swordsman
33:09 Plate Mail Armor
33:39 Blast Furnace
33:12 Plate Mail Armor
33:08 Conscription
34:26 Chieftains
34:21 Two-Handed Swordsman
35:05 Champion
40:27 Hoardings
39:17 Elite Berserk
40:22 Fletching
42:27 Bodkin Arrow
42:54 Ballistics
43:35 Chemistry
42:46 Fortified Wall
42:50 Murder Holes
43:59 Bracer
48:09 Capped Ram
48:13 Onager
50:09 Siege Engineers
52:41 Pikeman
53:15 Heavy Scorpion
Dark Gundam
10:38 Feudal Age
15:42 Castle Age
13:39 Double-Bit Axe
14:38 Horse Collar
14:51 Stone Mining
20:32 Forging
21:33 Loom
22:23 Wheelbarrow
24:20 Iron Casting
27:08 Hand Cart
29:40 Ballistics
29:51 Fletching
35:11 Imperial Age
32:59 Bow Saw
33:53 Gold Mining
34:27 Squires
34:13 Arson
34:00 Pikeman
35:43 Blast Furnace
34:32 Town Watch
34:59 Heavy Plow
35:48 Conscription
35:10 Halberdier
37:16 Gold Shaft Mining
37:17 Stone Shaft Mining
37:15 Bodkin Arrow
38:28 Bracer
37:58 Onager
41:21 Forced Levy
41:03 Man-at-Arms
42:01 Long Swordsman
43:01 Two-Handed Swordsman
RevientaELP
0:28 Loom
10:12 Feudal Age
14:35 Castle Age
12:45 Horse Collar
14:10 Double-Bit Axe
21:34 Heavy Plow
27:07 Town Watch
30:01 Imperial Age
28:12 Wheelbarrow
28:09 Gold Mining
29:58 Fletching
30:20 Forging
30:38 Ballistics
32:24 Chemistry
31:21 Bodkin Arrow
32:23 Scale Barding Armor
32:19 Bracer
33:44 Iron Casting
33:34 Bloodlines
32:58 Light Cavalry
35:09 Chain Barding Armor
36:58 Plate Barding Armor
36:41 Cavalier
38:55 Blast Furnace
39:15 Bow Saw
41:05 Fortified Wall
42:22 Scale Mail Armor
42:29 Padded Archer Armor
45:00 Conscription
45:09 Leather Archer Armor
46:03 Bombard Tower
49:19 Capped Ram
50:33 Siege Ram
60:44 Ring Archer Armor
De_Aztek
9:45 Feudal Age
10:28 Double-Bit Axe
12:02 Loom
16:49 Castle Age
14:43 Gold Mining
15:22 Fletching
15:49 Padded Archer Armor
17:27 Bodkin Arrow
18:38 Leather Archer Armor
23:23 Ballistics
28:05 Wheelbarrow
34:00 Imperial Age
35:32 Hand Cart
36:18 Conscription
49:38 Capped Ram
51:03 Siege Ram
53:17 Elite Ibirapema Warrior
56:12 Onager
Frog
7:56 Loom
10:45 Feudal Age
14:59 Castle Age
13:19 Double-Bit Axe
13:34 Horse Collar
14:17 Gold Mining
20:33 Stone Mining
22:15 Bow Saw
22:49 Scale Barding Armor
24:27 Forging
24:07 Fletching
24:24 Heavy Plow
25:42 Wheelbarrow
24:54 Town Watch
26:35 Chain Barding Armor
27:22 Iron Casting
26:50 Husbandry
27:23 Bloodlines
28:54 Gold Shaft Mining
31:53 Imperial Age
30:55 Bodkin Arrow
33:18 Plate Barding Armor
33:44 Blast Furnace
33:18 Scale Mail Armor
33:37 Hand Cart
33:22 Town Patrol
34:02 Squires
33:22 Man-at-Arms
35:48 Chemistry
35:02 Fortified Wall
35:43 Conscription
35:44 Masonry
36:29 Elite Boyar
37:40 Chain Mail Armor
36:48 Long Swordsman
37:56 Two-Handed Swordsman
38:53 Druzhina
39:00 Champion
39:00 Pikeman
40:21 Plate Mail Armor
41:41 Halberdier
49:30 Hoardings
52:06 Detinets
56:36 Caravan
63:10 Ballistics
AJ0
10:05 Feudal Age
8:59 Loom
15:27 Castle Age
13:46 Double-Bit Axe
13:42 Horse Collar
13:53 Gold Mining
16:28 Pikeman
17:30 Atonement
30:02 Town Watch
30:29 Bow Saw
33:29 Padded Archer Armor
33:20 Fletching
33:24 Crossbowman
34:10 Thumb Ring
35:50 Bodkin Arrow
40:07 Imperial Age
38:18 Forging
38:33 Leather Archer Armor
40:10 Iron Casting
40:27 Wheelbarrow
39:55 Heavy Plow
40:51 Fortified Wall
44:39 Bracer
55:23 Ring Archer Armor
59:56 Elite Skirmisher
Zell
2:52 Loom
11:10 Feudal Age
12:37 Wheelbarrow
16:35 Castle Age
15:15 Double-Bit Axe
15:11 Horse Collar
16:42 Town Watch
18:21 Bow Saw
18:13 Heavy Plow
20:59 Hand Cart
28:50 Imperial Age
28:17 Fletching
29:28 Chemistry
28:41 Padded Archer Armor
29:10 Bodkin Arrow
28:41 Elite Skirmisher
29:53 Conscription
31:11 Two-Man Saw
31:16 Ballistics
31:33 Bracer
33:26 Leather Archer Armor
33:34 Bombard Tower
33:39 Houfnice
37:18 Scale Mail Armor
37:29 Forging
37:20 Squires
36:41 Pikeman
37:06 Arson
39:55 Chain Mail Armor
39:14 Halberdier
40:04 Murder Holes
43:53 Treadmill Crane
47:52 Plate Mail Armor
47:57 Iron Casting
47:45 Wagenburg Tactics
54:46 Blast Furnace
58:33 Ring Archer Armor
Vedette87
10:39 Feudal Age
14:34 Castle Age
12:39 Horse Collar
13:13 Double-Bit Axe
19:37 Loom
19:55 Stone Mining
21:53 Wheelbarrow
23:47 Stone Shaft Mining
23:03 Gold Mining
24:18 Fletching
26:38 Scale Mail Armor
29:01 Gold Shaft Mining
30:01 Chain Mail Armor
30:42 Ballistics
31:06 Hand Cart
31:35 Heavy Plow
35:22 Imperial Age
33:33 Bow Saw
33:42 Forging
36:24 Iron Casting
35:29 Capped Ram
35:30 Heavy Scorpion
37:18 Chemistry
37:00 Plate Mail Armor
36:30 Siege Ram
39:10 Conscription
42:09 Town Watch
43:17 Furor Celtica
44:08 Blast Furnace
46:30 Siege Engineers
46:33 Elite Woad Raider
47:33 Onager
51:10 Bodkin Arrow
50:59 Treadmill Crane
51:30 Masonry
51:56 Hoardings
51:12 Stronghold
52:03 Siege Onager
54:32 Murder Holes
57:39 Town Patrol
Connection lost

Rejoining the realm…

Still unreachable

The connection could not be restored.

Session expired

The server has moved on; the page needs a fresh start.